 Dungeon Crawl Stone Soup version 0.28-a0-803-g74956062c1 (webtiles) character file.

Game seed: 5218650635246717105

292 Gargoyl the Skirmisher (level 6, 0/53 HPs)
             Began as a Gnoll Abyssal Knight on Nov 7, 2021.
             Was a Believer of Lugonu.
             Slain by a gnoll (4 damage)
             ... on level 4 of the Dungeon.
             The game lasted 00:03:35 (3182 turns).

Gargoyl the Skirmisher (Gnoll Abyssal Knight)       Turns: 3182, Time: 00:03:36

Health: 0/53       AC: 11    Str: 15    XL:     6   Next: 33%
Magic:  9/9        EV: 10    Int:  9    God:    Lugonu [**....]
Gold:   120        SH:  0    Dex: 12    Spells: 8/8 levels left

rFire   x . .      SeeInvis .   a - +2 hand axe (spect)
rCold   + + .      Faith    .   (no shield)
rNeg    . . .      Spirit   .   d - +0 ice dragon scales
rPois   .          Reflect  .   (no helmet)
rElec   .          Harm     .   (no cloak)
rCorr   .          Rampage  .   (no gloves)
Will    .....                   (no boots)
Stlth   ..........              (no amulet)
HPRegen 0.17/turn               (no ring)
MPRegen 0.11/turn               (no ring)

@: no status effects
A: fangs 1, strong nose, distributed training
a: Renounce Religion, Depart the Abyss, Bend Space


You were on level 4 of the Dungeon.
You worshipped Lugonu.
Lugonu was pleased with you.
You visited 1 branch of the dungeon, and saw 4 of its levels.
You visited the Abyss 1 time.

You collected 120 gold pieces.

Inventory:

Hand Weapons
 a - a +2 spectral hand axe (weapon)
Armour
 c - a +0 ring mail of willpower
 d - +0 ice dragon scales (worn)
Wands
 e - a wand of acid (4)
Scrolls
 j - a scroll of immolation {unknown}
 k - a scroll of fear {unknown}
Potions
 f - a potion of ambrosia {unknown}
 g - 4 potions of lignification
 h - a potion of haste {unknown}
 i - a potion of degeneration {unknown}


   Skills:
 + Level 6.8 Fighting
 + Level 1.9 Short Blades
 + Level 1.9 Long Blades
 + Level 5.0 Axes
 + Level 1.9 Maces & Flails
 + Level 1.9 Polearms
 + Level 1.9 Staves
 + Level 1.9 Slings
 + Level 1.9 Bows
 + Level 1.9 Crossbows
 + Level 1.9 Throwing
 + Level 5.0 Armour
 + Level 3.2 Dodging
 + Level 1.9 Stealth
 + Level 1.9 Shields
 + Level 1.9 Unarmed Combat
 + Level 1.9 Spellcasting
 + Level 1.5 Conjurations
 + Level 1.5 Hexes
 + Level 1.5 Summonings
 + Level 1.5 Necromancy
 + Level 1.5 Translocations
 + Level 1.5 Transmutations
 + Level 1.5 Fire Magic
 + Level 1.5 Ice Magic
 + Level 1.5 Air Magic
 + Level 1.5 Earth Magic
 + Level 1.5 Poison Magic
 + Level 5.0 Invocations
 + Level 1.9 Evocations


You had 8 spell levels left.
You didn't know any spells.
Your spell library contained the following spells:

 Spells                   Type           Power      Damage    Failure   Level
 Beastly Appendage        Tmut           6%         N/A       63%         1
 Magic Dart               Conj           12%        1d3       63%         1
 Searing Ray              Conj           6%         2d4       77%         2
 Wereblood                Tmut           3%         N/A       77%         2
 Spider Form              Tmut/Pois      3%         N/A       94%         3
 Fulminant Prism          Conj/Hex       1%         3d6       100%        4


Dungeon Overview and Level Annotations

Branches:
Dungeon (4/15)             Temple (0/1) D:4

Altars:

Annotations:
D:3 2 transporters, fvbjkf's ghost, amateur SpEn


Innate Abilities, Weirdness & Mutations

You have very sharp teeth.
Your uncanny sense of smell can sniff out nearby items.
Your experience applies equally to all skills.


Message History

You hit the gnoll but do no damage.
The gnoll is lightly wounded.
The gnoll hits you from afar with a +0 spear.
The gnoll hits you with a +0 flail.
Unknown command.
You hit the gnoll.
The gnoll is moderately wounded.
The gnoll hits you from afar with a +0 spear.
The gnoll hits you but does no damage.
Unknown command.
You slash the gnoll!
The gnoll is severely wounded.
The gnoll hits you but does no damage. The gnoll hits you with a +0 flail.
* * * LOW HITPOINT WARNING * * *
The gnoll barely misses you.
There is an open door here.
You are no longer glowing.
The gnoll closely misses you. The gnoll hits you but does no damage.
The gnoll hits you but does no damage. The gnoll closely misses you.
The gnoll completely misses you.
The gnoll hits you from afar with a +0 spear.
* * * LOW HITPOINT WARNING * * *
The gnoll throws a throwing net.
The throwing net hits you.
You become entangled in the net!
You see here a throwing net.
You struggle against the net.
The gnoll hits you but does no damage.
You struggle against the net.
The gnoll hits you but does no damage.
You blink.
The gnoll hits you but does no damage.
The gnoll hits you from afar with a +2 spear of distortion!
* * * LOW HITPOINT WARNING * * *
Space warps around you.
* * * LOW HITPOINT WARNING * * *
The gnoll hits you with a +0 spear.
* * * LOW HITPOINT WARNING * * *
Unknown command.
Unknown command.
Okay, then.
It was a potion of magic.
Magic courses through your body. The gnoll barely misses you.
The gnoll hits you with a +0 spear.
You die...

######### #....##
#.......# #......
#.#####.# #......
#.....#.# #....##
#.<...#.# ###..<.
########.##########....
#................)).#..
##'######.#############g
#......@gg# #...'.
#.........# #.###.
#.........#########.# ##
#.........#.........# #
#.........#.##.....## #
#.........#.##.....#
#........##.##.....#
#........##..'.....+
##############.....#####


You could see 2 gnolls.

Vanquished Creatures
  An ogre (D:4)
  A gnoll shaman (D:4)
  6 gnolls (D:4)
  6 adders
  2 worms
  A dart slug (D:1)
  An orc (D:3)
  9 ball pythons
  4 endoplasms
  2 giant cockroaches (D:4)
  2 goblins
  5 hobgoblins
  8 jackals
  4 quokkas
  2 bats
  2 frilled lizards
  6 kobolds (D:1)
  3 rats
65 creatures vanquished.

Vanquished Creatures (others)
  A plant (D:2)
1 creature vanquished.

Grand Total: 66 creatures vanquished

Notes
Turn   | Place    | Note
-------+----------+-------------------------------------------
     0 | Abyss:1  | Gargoyl the Gnoll Abyssal Knight began the quest for the
                  | Orb.
     0 | Abyss:1  | Reached XP level 1. HP: 23/23 MP: 3/3
    54 | Abyss:1  | Noticed a large abomination
    58 | Abyss:1  | Noticed a ynoxinul
    64 | Abyss:1  | Noticed a vampire
    92 | Abyss:2  | Noticed a large abomination
   108 | Abyss:2  | Noticed a sixfirhy
   114 | D:1      | Escaped the Abyss
   352 | D:1      | Reached XP level 2. HP: 7/29 MP: 5/5
   647 | D:1      | Reached * piety under Lugonu
  1046 | D:1      | Found a faded altar of an unknown god.
  1221 | D:1      | Reached XP level 3. HP: 35/35 MP: 6/6
  1913 | D:2      | Reached skill level 1 in Short Blades
  1913 | D:2      | Reached skill level 1 in Long Blades
  1913 | D:2      | Reached skill level 1 in Maces & Flails
  1913 | D:2      | Reached skill level 1 in Polearms
  1913 | D:2      | Reached skill level 1 in Staves
  1913 | D:2      | Reached skill level 1 in Slings
  1913 | D:2      | Reached skill level 1 in Bows
  1913 | D:2      | Reached skill level 1 in Crossbows
  1913 | D:2      | Reached skill level 1 in Throwing
  1913 | D:2      | Reached skill level 1 in Stealth
  1913 | D:2      | Reached skill level 1 in Shields
  1913 | D:2      | Reached skill level 1 in Unarmed Combat
  1913 | D:2      | Reached skill level 1 in Spellcasting
  1913 | D:2      | Reached skill level 1 in Evocations
  2064 | D:2      | Reached ** piety under Lugonu
  2116 | D:2      | Reached XP level 4. HP: 40/41 MP: 7/7
  2337 | D:3      | Reached skill level 1 in Conjurations
  2337 | D:3      | Reached skill level 1 in Hexes
  2337 | D:3      | Reached skill level 1 in Summonings
  2337 | D:3      | Reached skill level 1 in Necromancy
  2337 | D:3      | Reached skill level 1 in Translocations
  2337 | D:3      | Reached skill level 1 in Transmutations
  2337 | D:3      | Reached skill level 1 in Fire Magic
  2337 | D:3      | Reached skill level 1 in Ice Magic
  2337 | D:3      | Reached skill level 1 in Air Magic
  2337 | D:3      | Reached skill level 1 in Earth Magic
  2337 | D:3      | Reached skill level 1 in Poison Magic
  2596 | D:3      | Found a transporter.
  2597 | D:3      | Noticed fvbjkf's ghost (amateur SpEn)
  2598 | D:3      | Identified the +7 dire flail "Naunue" {flame, rC- Str+5
                  | Int+2}
  2598 | D:3      | Noticed an ogre
  2598 | D:3      | Noticed an ogre
  2617 | D:3      | Found a transporter.
  2769 | D:4      | Noticed an ogre
  2777 | D:4      | Killed an ogre
  2778 | D:4      | Reached XP level 5. HP: 27/47 MP: 8/8
  2916 | D:4      | Found a staircase to the Ecumenical Temple.
  2972 | D:4      | Reached skill level 5 in Invocations
  2973 | D:4      | Reached XP level 6. HP: 51/53 MP: 9/9
  3145 | D:4      | Reached skill level 5 in Axes
  3145 | D:4      | Reached skill level 5 in Armour
  3182 | D:4      | Slain by a gnoll

Illustrated notes

Levels and vault maps discovered:
D:1:      elethiomel_arrival_quiet, layout_basic, ebering_ecumenical_altar_webs,
          chequers_serial_rivers_marsh, grunt_decor_one_mirror,
          minmay_pentomino_t4
D:2:      layout_rooms, serial_forest, infiniplex_forest_split,
          infiniplex_forest_end_2, infiniplex_forest_zigzag_2,
          infiniplex_forest_lined_corner, infiniplex_forest_end_1,
          infiniplex_forest_clump_medium, infiniplex_forest_straight_3,
          infiniplex_forest_clump_large, infiniplex_forest_clump_double,
          infiniplex_forest_clump_curved
D:3:      layout_rooms, gammafunk_ghost_smash
D:4:      layout_basic, temple_fountains, st_stairs_11

Skill      XL: |  1  2  3  4  5  6 |
---------------+-------------------+-----
Short Blades   | 1 |  1.9
Long Blades    | 1 |  1.9
Maces & Flails | 1 |  1.9
Polearms       | 1 |  1.9
Staves         | 1 |  1.9
Slings         | 1 |  1.9
Bows           | 1 |  1.9
Crossbows      | 1 |  1.9
Throwing       | 1 |  1.9
Stealth        | 1 |  1.9
Shields        | 1 |  1.9
Unarmed Combat | 1 |  1.9
Spellcasting   | 1 |  1.9
Evocations     | 1 |  1.9
Conjurations   | 1 |  1.5
Hexes          | 1 |  1.5
Summonings     | 1 |  1.5
Necromancy     | 1 |  1.5
Translocations | 1 |  1.5
Transmutations | 1 |  1.5
Fire Magic     | 1 |  1.5
Ice Magic      | 1 |  1.5
Air Magic      | 1 |  1.5
Earth Magic    | 1 |  1.5
Poison Magic   | 1 |  1.5
Dodging        | 3 |  3.2
Invocations    | 5 |  5.0
Axes           | 5 |  5.0
Armour         | 5 |  5.0
Fighting       | |  6.8

Action                   |  1- 3 |  4- 6 || total
-------------------------+-------+-------++-------
Melee: Hand axe          |   112 |    66 ||   178
       Bite              |    10 |     7 ||    17
Invok: Depart the Abyss  |     1 |       ||     1
  Use: Potion            |     1 |     1 ||     2
       Scroll            |       |     5 ||     5
Armor: Ring mail         |    22 |       ||    22
       Ice dragon scales |    49 |    39 ||    88
Dodge: Dodged            |    72 |    36 ||   108

Table legend: (Time is in decaauts)
 A = Elapsed time spent in this place.
 B = Non-inter-level travel time spent in this place.
 C = Inter-level travel time spent in this place.
 D = Time resting spent in this place.
 E = Time spent auto-exploring this place.
 F = Levels seen in this place.
 G = Mean time per level.
                   A        B        C        D        E       F      G
               +--------+--------+--------+--------+--------+-----+--------+
         Total |   3194 |   3117 |     77 |      0 |   2490 |   6 |  532.3 |
       Dungeon |   3080 |   3003 |     77 |      0 |   2436 |   4 |  770.0 |
         Abyss |    113 |    113 |      0 |      0 |     54 |   2 |   56.5 |
               +--------+--------+--------+--------+--------+-----+--------+

Top non-repeatable levels by time:
     D:1: 1568 daAuts
     D:2: 592 daAuts
     D:3: 488 daAuts
     D:4: 430 daAuts
 Abyss:1: 74 daAuts
 Abyss:2: 39 daAuts
